 Dungeon Crawl Stone Soup version 0.28-a0-627-g4e9751bbfc (webtiles) character file.

Game seed: 10403415417860024735

2888 Johnny the Chiller (level 9, -1/75 (79) HPs)
             Began as a Yellow Draconian Ice Elementalist on Oct 8, 2021.
             Was a Follower of Sif Muna.
             Slain by a large slime creature (34 damage)
             ... on level 6 of the Dungeon.
             The game lasted 00:07:55 (8791 turns).

Johnny the Chiller (DrIE)                           Turns: 8791, Time: 00:07:55

HP:   -1/75 (79)    AC: 10    Str: 11    XL:     9   Next: 48%
MP:   5/18          EV: 12    Int: 18    God:    Sif Muna [*.....]
Gold: 208           SH:  5    Dex: 12    Spells: 9/20 levels left

rFire   . . .      SeeInvis +   d - +1 short sword (venom)
rCold   . . .      Faith    .   l - +0 buckler
rNeg    . . .      Spirit   .   (armour unavailable)
rPois   .          Reflect  .   (helmet restricted)
rElec   .          Harm     .   o - +0 cloak
rCorr   +          Rampage  .   (no gloves)
Will    +....                   C - +1 pair of boots
Stlth   ++........              (no amulet)
HPRegen 0.22/turn               a - ring of willpower
MPRegen 0.16/turn               b - ring of see invisible

@: short of breath, freezing walls, very slightly contaminated, drained
A: spit acid, AC +7, unfitting armour, cold-blooded, acid resistance
a: Breathe Acid, Renounce Religion, Channel Magic


You were on level 6 of the Dungeon.
You worshipped Sif Muna.
Sif Muna was aware of your devotion.
You visited 2 branches of the dungeon, and saw 8 of its levels.

You collected 278 gold pieces.
You spent 70 gold pieces at shops.

Inventory:

Hand Weapons
 d - a +1 short sword of venom (weapon)
 t - a +5 dagger of holy wrath
Missiles
 F - a throwing net
Armour
 l - a +0 buckler (worn)
 o - a +0 cloak (worn)
 C - a +1 pair of boots (worn)
Jewellery
 a - a ring of willpower (left hand)
 b - a ring of see invisible (right hand)
 k - a ring of magical power
 p - a ring of ice
 z - a ring of positive energy
Wands
 q - a wand of paralysis (5)
 A - a wand of mindburst (7)
 D - a wand of iceblast (2)
 E - a wand of digging (6)
Scrolls
 c - 2 scrolls of noise {unknown}
 g - a scroll of blinking
 m - 3 scrolls of immolation
 n - 2 scrolls of amnesia
 r - 6 scrolls of teleportation
 s - a scroll of vulnerability {unknown}
 v - 2 scrolls of fog {unknown}
 x - a scroll of summoning {unknown}
 y - 2 scrolls of magic mapping {unknown}
Potions
 e - a potion of brilliance {unknown}
 f - a potion of ambrosia {unknown}
 h - a potion of berserk rage {unknown}
 i - 2 potions of haste {unknown}
 j - 2 potions of might {unknown}
 u - a potion of mutation {unknown}
 w - a potion of flight {unknown}
 B - a potion of cancellation {unknown}


   Skills:
 + Level 7.2 Fighting
 - Level 1.7 Dodging
 - Level 1.7 Stealth
 + Level 6.1 Shields
 + Level 6.4 Spellcasting
 + Level 7.8 Ice Magic


You had 9 spell levels left.
You knew the following spells:

 Your Spells              Type           Power      Damage    Failure   Level
a - Freeze                Ice            100%       1d11      1%          1
b - Frozen Ramparts       Ice            68%        1d8       1%          3
c - Ozocubu's Armour      Ice            34%        N/A       1%          3
f - Hailstorm             Conj/Ice       19%        3d6       22%         4

Your spell library contained the following spells:

 Spells                   Type           Power      Damage    Failure   Level
 Beastly Appendage        Tmut           10%        N/A       12%         1
 Pain                     Necr           20%        1d5       12%         1
 Summon Small Mammal      Summ           20%        N/A       12%         1
 Static Discharge         Conj/Air       5%         N/A       17%         2
 Sublimation of Blood     Necr           2%         N/A       17%         2
 Wereblood                Tmut           5%         N/A       17%         2
 Call Canine Familiar     Summ           5%         N/A       34%         3
 Spider Form              Tmut/Pois      2%         N/A       34%         3
 Summon Guardian Golem    Hex/Summ       5%         N/A       34%         3
 Lee's Rapid Deconstruct  Erth           2%         3d6*      97%         5
 Lightning Bolt           Conj/Air       2%         1d14      97%         5
 Maxwell's Capacitive Co  Air            2%         ∞         100%        8


Dungeon Overview and Level Annotations

Branches:
Dungeon (7/15)             Temple (1/1) D:6

Altars:
Ashenzari
Dithmenos
Elyvilon
Fedhas
Hepliaklqana
Kikubaaqudgha
Okawaru
Sif Muna
Vehumet
Wu Jian
Xom
Zin

Shops:
D:4 *


Innate Abilities, Weirdness & Mutations

You can spit globs of acid.
Your golden yellow scales are hard. (AC +7)
You cannot fit into any form of body armour.
You are cold-blooded and may be slowed by cold attacks.
You are resistant to acid. (rCorr)


Message History

Press: ? - help, Shift-Dir - straight line, f/p - very large slime creature
Aim: a very large slime creature (heavily wounded, chance to affect: 28%)
The very large slime creature easily resists.
The very large slime creature closely misses you.
Two slime creatures merge to form an enormous slime creature.
There is a glowing silver altar of Zin here.
There is a stone staircase leading up here.
Aiming: Paralyse
Press: ? - help, Shift-Dir - straight line, f/p - large slime creature
Aim: a large slime creature (moderately wounded, chance to affect: 28%)
The large slime creature easily resists.
Aiming: Paralyse
Press: ? - help, Shift-Dir - straight line, f/p - large slime creature
Aim: a large slime creature (moderately wounded, chance to affect: 28%)
The large slime creature easily resists.
The large slime creature hits you!
You climb upwards.
There is a stone staircase leading down here.
Casting: Freeze (safe; 1% risk of failure)
Confirm with . or Enter, or press ? or * to list all spells.
You miscast Ozocubu's Armour.
You are very lightly contaminated with residual magic.
Nothing appears to happen.
The large slime creature hits you!!
Casting: Ozocubu's Armour (safe; 1% risk of failure)
Confirm with . or Enter, or press ? or * to list all spells.
Casting: Frozen Ramparts (safe; 1% risk of failure)
Press: ? - help, Dir - look around, f - activate A stone staircase leading down, spattered with blood.
The walls around you are covered in ice.
The wall freezes the large slime creature.
The large slime creature hits you.
Press: ? - help, Shift-Dir - straight line, f - large slime creature
Aim: a large slime creature (moderately wounded)
You spit a glob of acid.
The glob of acid hits the large slime creature!!
The acid corrodes the large slime creature!
The large slime creature is heavily wounded.
The wall freezes the large slime creature.
The large slime creature hits you!!
You die...

.#.# #.#
##.##.#.#############
.#.# #.######..#.#.#
.#.# #.........#.#.#
.#.###########.#.#.#
##..........##.#.#.#
#..........##.#.#.#
#..........##...#.#
#..........###..#.#
#(.........# #J@#.#
#..........# ####.#
#..........# #.#
#.##....#########.#
#..+..............#
####.......########
#####.......#
#...........######
#................#


You could see a large slime creature (corroded).

Vanquished Creatures
  Maggie (D:7)
  2 steam dragons (D:7)
  Menkaure (D:7)
  Duvessa (D:7)
  A black bear (D:7)
  2 sky beasts (D:6)
  A necrophage (D:6)
  An ogre (D:5)
  2 phantoms
  A kobold brigand (D:7)
  5 scorpions
  2 bullfrogs (D:7)
  A wyvern skeleton (D:7)
  Dowan (D:7)
  4 wights (D:7)
  A howler monkey (D:4)
  A bullfrog zombie (D:5)
  A gnoll shaman (D:7)
  4 centaur skeletons
  An orc priest (D:3)
  Crazy Yiuf (D:2)
  4 iguanas
  A jelly (D:5)
  3 bullfrog skeletons
  An orc wizard (D:6)
  A hound skeleton (D:4)
  A howler monkey zombie (D:6)
  A howler monkey skeleton (D:7)
  4 gnolls (D:7)
  9 adders
  A river rat (D:3)
  An adder skeleton (D:4)
  5 worms
  5 dart slugs
  13 orcs
  7 bats
  3 endoplasms
  3 giant cockroaches
  8 hobgoblins
  2 jackals (D:4)
  18 kobolds
  2 quokkas
  6 ball pythons
  3 frilled lizards
  A goblin (D:3)
  10 rats
148 creatures vanquished.

Notes
Turn   | Place    | Note
-------+----------+-------------------------------------------
     0 | D:1      | Johnny the Draconian Ice Elementalist began the quest for
                  | the Orb.
     0 | D:1      | Reached XP level 1. HP: 14/14 MP: 3/3
   532 | D:1      | Reached XP level 2. HP: 22/22 MP: 5/5
   544 | D:1      | Reached skill level 1 in Fighting
   873 | D:1      | You fall into a shaft and drop 1 floor!
  1132 | D:2      | Reached XP level 3. HP: 28/28 MP: 6/6
  1602 | D:2      | Got Pietuih's Handbook of Dark Earth
  1866 | D:2      | Reached XP level 4. HP: 36/36 MP: 8/8
  1971 | D:2      | Found a runed translucent door.
  1972 | D:2      | Noticed Crazy Yiuf
  2370 | D:2      | Learned a level 3 spell: Frozen Ramparts
  2374 | D:2      | Learned a level 3 spell: Ozocubu's Armour
  2398 | D:2      | Killed Crazy Yiuf
  2677 | D:3      | Reached skill level 1 in Shields
  2677 | D:3      | Reached XP level 5. HP: 19/42 MP: 9/9
  2899 | D:3      | Found a faded altar of an unknown god.
  3298 | D:3      | Reached skill level 5 in Ice Magic
  3921 | D:4      | Reached XP level 6. HP: 43/51 MP: 11/11
  4399 | D:4      | Found a white marble altar of Elyvilon.
  4400 | D:4      | Found an iron altar of Okawaru.
  4467 | D:4      | Found Ypafahaell's General Store.
  4475 | D:4      | Bought a scroll of teleportation for 42 gold pieces
  4475 | D:4      | Bought a scroll of identify for 28 gold pieces
  4504 | D:4      | Found an ornate altar of the Wu Jian Council.
  4969 | D:5      | Entered Level 5 of the Dungeon
  5110 | D:5      | Your scales start taking on a golden yellow colour.
  5110 | D:5      | Reached XP level 7. HP: 42/59 MP: 7/13
  5110 | D:5      | Gained mutation: You are resistant to acid. (rCorr) [Yellow
                  | Draconian growth]
  6336 | D:6      | Reached skill level 5 in Fighting
  6336 | D:6      | Reached XP level 8. HP: 68/68 MP: 6/15
  6584 | D:6      | Reached skill level 5 in Spellcasting
  6836 | D:6      | Learned a level 4 spell: Hailstorm
  6874 | D:6      | Found a staircase to the Ecumenical Temple.
  6895 | Temple   | Entered the Ecumenical Temple
  6912 | Temple   | Became a worshipper of Sif Muna the Loreminder
  7270 | D:7      | Found a broken altar of Ashenzari.
  7285 | D:7      | Reached skill level 5 in Shields
  7459 | D:7      | Noticed a slime creature
  7459 | D:7      | Noticed a slime creature
  7459 | D:7      | Noticed a slime creature
  7461 | D:7      | Noticed a slime creature
  7702 | D:7      | Noticed Menkaure
  7708 | D:7      | Killed Menkaure
  7709 | D:7      | Reached XP level 9. HP: 77/77 MP: 17/17
  7722 | D:7      | Noticed Maggie
  7741 | D:7      | Killed Maggie
  7956 | D:7      | Reached * piety under Sif Muna
  8539 | D:7      | Found a glowing silver altar of Zin.
  8542 | D:7      | Noticed Dowan
  8548 | D:7      | Killed Dowan
  8552 | D:7      | Noticed Duvessa
  8562 | D:7      | Killed Duvessa
  8791 | D:6      | Slain by a large slime creature

Illustrated notes

Levels and vault maps discovered:
D:1:      amcnicky_arrival_single_pillar, layout_rooms
D:2:      layout_loops_ring, uniq_crazy_yiuf_cottage
D:3:      layout_loops_cross, hellmonk_ecumenical_altar_blasted,
          portal_sewer_entry_a
D:4:      layout_cave_pods, nicolae_wu_jian_glorious_leap,
          nicolae_overflow_hidden_temple, serial_shops, shop,
          hangedman_decor_opposing, st_stairs_11, minmay_statues_item
D:5:      layout_cave_pods, minmay_fractal_squares_gapless_5
D:6:      layout_basic, minmay_temple_entry_stoned_glass
D:7:      layout_rooms, nicolae_overflow_crystal_walls,
          ashenzari_conservatory_becter, uniq_maggie, uniq_menkaure,
          uniq_duvessa
Temple:   dshaligram_water_room_temple

Skill      XL: |  1  2  3  4  5  6  7  8  9 |
---------------+----------------------------+-----
Fighting       | 1 2 3 4 5 6 7 |  7.2
Spellcasting   | 3 4 5 6 |  6.4
Shields        | 1 2 3 4 5 6 |  6.1
Ice Magic      | 5 6 7 |  7.8
Dodging        | |  1.7
Stealth        | |  1.7

Action                   |  1- 3 |  4- 6 |  7- 9 || total
-------------------------+-------+-------+-------++-------
Melee: Unarmed           |    26 |       |       ||    26
       Tailslap          |    10 |    17 |    35 ||    62
       Short sword       |    85 |   142 |   167 ||   394
       Dagger            |       |       |    47 ||    47
 Cast: Freeze            |    16 |     5 |    26 ||    47
       Frozen Ramparts   |       |     9 |    17 ||    26
       Ozocubu's Armour  |       |     2 |    11 ||    13
       Hailstorm         |       |       |     1 ||     1
 Abil: Breathe Acid      |       |       |     6 ||     6
Evoke: Wand              |       |       |    12 ||    12
  Use: Scroll            |       |     3 |     5 ||     8
 Stab: Sleeping          |     2 |     2 |     2 ||     6
       Paralysed         |       |       |     6 ||     6
Armor: Skin              |    44 |    50 |   121 ||   215
Dodge: Dodged            |    94 |    81 |   158 ||   333
Block: Buckler           |       |    31 |    61 ||    92

Table legend: (Time is in decaauts)
 A = Elapsed time spent in this place.
 B = Non-inter-level travel time spent in this place.
 C = Inter-level travel time spent in this place.
 D = Time resting spent in this place.
 E = Time spent auto-exploring this place.
 F = Levels seen in this place.
 G = Mean time per level.
                   A        B        C        D        E       F      G
               +--------+--------+--------+--------+--------+-----+--------+
         Total |   8833 |   8659 |    174 |   1139 |   6140 |   8 | 1104.1 |
       Dungeon |   8807 |   8641 |    166 |   1139 |   6132 |   7 | 1258.1 |
        Temple |     26 |     18 |      8 |      0 |      8 |   1 |   26.0 |
               +--------+--------+--------+--------+--------+-----+--------+

Top non-repeatable levels by time:
     D:2: 1458 daAuts
     D:7: 1425 daAuts
     D:5: 1298 daAuts
     D:3: 1295 daAuts
     D:4: 1162 daAuts
     D:6: 1085 daAuts
     D:1: 1082 daAuts
  Temple: 26 daAuts
